 Dungeon Crawl Stone Soup version 0.23.0-3-gf3c87f2 (webtiles) character file.

Game seed: 9938585127851571885

64 xccam the Ruffian (level 3, -1/28 HPs)
             Began as a Draconian Transmuter on Feb 21, 2019.
             Slain by a hippogriff (2 damage)
             ... on level 2 of the Dungeon.
             The game lasted 00:02:01 (2073 turns).

xccam the Ruffian (Draconian Transmuter)            Turns: 2073, Time: 00:02:02

Health: -1/28      AC:  5    Str: 13    XL:     3   Next: 91%
Magic:  1/6        EV: 12    Int: 13    God:
Gold:   66         SH:  0    Dex: 11    Spells: 3/6 levels left

rFire    . . .     SeeInvis .     - Unarmed
rCold    . . .     Gourm    .   (no shield)
rNeg     . . .     Faith    .   (armour unavailable)
rPois    .         Spirit   .   (helmet restricted)
rElec    .         Reflect  .   (no cloak)
rCorr    .         Harm     .   (no gloves)
MR       .....                  (boots currently unavailable)
Stlth    +.........             (no amulet)
HPRegen  0.09/turn              (no ring)
MPRegen  0.10/turn              (no ring)

@: appendage
A: unfitting armour, talons 3, cold-blooded, AC +5
a: End Transformation


You were on level 2 of the Dungeon.
You were not hungry.
You had grown temporary talons.
You visited 1 branch of the dungeon, and saw 2 of its levels.

You collected 66 gold pieces.

Inventory:

Missiles
 a - 45 arrows
Scrolls
 e - a scroll of identify {unknown}
 f - a scroll of random uselessness {unknown}
 g - a scroll of blinking {unknown}
 h - 3 scrolls of remove curse {unknown}
 j - 3 scrolls of enchant armour {unknown}
Potions
 b - a potion of agility {unknown}
 d - 4 potions of curing {unknown}
 i - a potion of haste {unknown}
 k - a potion of magic {unknown}
Comestibles
 c - a ration
 l - a chunk of flesh


   Skills:
 - Level 1.1 Fighting
 - Level 1.7 Dodging
 + Level 4.7 Unarmed Combat
 - Level 2.0 Spellcasting
 + Level 2.2 Transmutations


You had 3 spell levels left.
You knew the following spells:

 Your Spells              Type           Power        Failure   Level  Hunger
a - Beastly Appendage     Tmut           #.....       11%         1    ##.....
b - Sticks to Snakes      Tmut           #.......     16%         2    ###....

Your spell library contained the following spells:

 Spells                   Type           Power        Failure   Level  Hunger
 Spider Form              Tmut/Pois      #.........   43%         3    ####...
 Ice Form                 Ice/Tmut       #.......     85%         4    #####..
 Blade Hands              Tmut           #.........   96%         5    ######.


Dungeon Overview and Level Annotations

Branches:
Dungeon (2/15)

Altars:


Innate Abilities, Weirdness & Mutations

Your plain brown scales are hard. (AC +5)
You cannot fit into any form of body armour.
You are cold-blooded and may be slowed by cold attacks.
You have claws for feet.


Message History

Confirm with . or Enter, or press ? or * to list all spells.
You create a snake!
You now have 45 arrows.
Casting: Sticks to Snakes (safe; 16% risk of failure)
Confirm with . or Enter, or press ? or * to list all spells.
Your feet morph into talons.
You hit the hippogriff but do no damage.
You tail-slap the hippogriff.
The hippogriff is lightly wounded.
Your adder barely misses the hippogriff.
Your ball python bites the hippogriff but does no damage.
The hippogriff bites you! The hippogriff closely misses you.
The hippogriff barely misses you.
You hit the hippogriff. You punch the hippogriff.
The hippogriff is lightly wounded.
Your adder barely misses the hippogriff.
Your ball python barely misses the hippogriff.
The hippogriff bites you!
* * * LOW HITPOINT WARNING * * *
The hippogriff pecks you.
You die...

#.## #..#
#+# ####.##
#.# #.....#
#.###
#.#.#.###.#.
# #.#..##..
#.##.##.#
#.##S##.#
#..@H...#
####S.#.#
##.#.# #.#.#
#.#.# #.#.#
#.#H# #...#
.....


You could see a hippogriff, a friendly adder and a friendly ball python.

Vanquished Creatures
  3 adders
  2 worms
  4 bats (D:1)
  3 giant cockroaches
  3 goblins (D:1)
  2 hobgoblins (D:1)
  5 jackals (D:1)
  3 frilled lizards (D:1)
  2 kobolds
  6 rats (D:1)
33 creatures vanquished.

Notes
Turn   | Place    | Note
-------+----------+-------------------------------------------
     0 | D:1      | xccam the Draconian Transmuter began the quest for the Orb.
     0 | D:1      | Reached XP level 1. HP: 16/16 MP: 3/3
   384 | D:1      | Reached XP level 2. HP: 23/23 MP: 5/5
   396 | D:1      | Learned a level 2 spell: Sticks to Snakes
  1019 | D:1      | Reached skill level 4 in Unarmed Combat
  1420 | D:1      | Reached XP level 3. HP: 8/28 MP: 4/6
  2060 | D:2      | Noticed a hippogriff
  2073 | D:2      | HP: 1/28 [hippogriff (11)]
  2073 | D:2      | Slain by a hippogriff

Skill      XL: |  1  2 |
---------------+-------+-----
Unarmed Combat | 4 |  4.7
Fighting       | |  1.1
Dodging        | |  1.7
Spellcasting   | |  2.0
Transmutations | |  2.2

Action                   || total
-------------------------++-------
Melee: Unarmed           ||   133
       Kick              ||     8
       Tailslap          ||     9
       Headbutt          ||     1
       Punch             ||     1
 Cast: Beastly Appendage ||     5
       Sticks to Snakes  ||     2
  Eat: Chunk             ||     4
Armor: Skin              ||    45
Dodge: Dodged            ||   112
